[Event "94th Tradewise Hastings Congress"]
[Site "Hastings"]
[Date "2019.01.02"]
[Round "6"]
[White "Comellas Blanchart, Jordi"]
[Black "Graham, David B"]
[Result "1-0"]
[ECO "E62"]
[WhiteElo "2055"]
[BlackElo "2208"]
[Annotator "NA"]
[PlyCount "131"]
[EventDate "2018.12.28"]
[EventType "swiss"]
[EventCountry "ENG"]
[SourceTitle "playchess.com"]
[Source "ChessBase"]
[SourceQuality "1"]
[TimeControl "40/6000+30:3000+30"]

1. d4 Nf6 2. c4 g6 3. g3 Bg7 4. Bg2 d6 5. Nf3 O-O 6. Nc3 Nc6 7. O-O Bg4 8. d5 Na5 9. Nd2 c5 10. Qc2 a6 11. b3 b5 12. h3 Bd7 13. Bb2 Rb8 14. Rab1 e5 15. dxe6 fxe6 16. Nce4 Qe7 17. Bxf6 Bxf6 18. Nxf6+ Rxf6 19. Ne4 Rff8 20. Qd2 Nb7 21. Rbd1 Bc6 22. Nf6+ Qxf6 23. Bxc6 bxc4 24. bxc4 Nd8 25. Bf3 Nf7 26. Rb1 Rxb1 27. Rxb1 Qf5 28. Rb6 Qxh3 29. Rxa6 Qf5 30. Qe3 Rb8 31. Qd3 Qe5 32. a4 Qa1+ 33. Kh2 Rb1 34. Bg2 Qb2 35. Qf3 Qe5 36. Ra8+ Kg7 37. Ra7 Qf6 38. a5 Ra1 39. a6 Qxf3 40. Bxf3 Kf6 41. Bc6 Ne5 42. Bb5 Ra5 43. Rc7 d5 44. a7 dxc4 45. f4 Ng4+ 46. Kh3 Ne3 47. Be8 e5 48. Bc6 c3 49. a8=Q Rxa8 50. Bxa8 c4 51. Be4 c2 52. Rc6+ Ke7 53. Bxc2 Nxc2 54. Rxc4 Nd4 55. e3 Nf5 56. Re4 Nd6 57. Rxe5+ Kf6 58. Rd5 Nc4 59. e4 h5 60. Rd4 Ne3 61. Rd6+ Kf7 62. Rd3 Ng4 63. Kg2 g5 64. Ra3 gxf4 65. gxf4 h4 66. Rh3 1-0

[Event "94th Tradewise Hastings Congress"]
[Site "Hastings"]
[Date "2019.01.02"]
[Round "6"]
[White "Ratnesan, Ranesh"]
[Black "Peek, Marcel"]
[Result "1/2-1/2"]
[ECO "D20"]
[WhiteElo "2055"]
[BlackElo "2293"]
[Annotator "NA"]
[PlyCount "95"]
[EventDate "2018.12.28"]
[EventType "swiss"]
[EventCountry "ENG"]
[SourceTitle "playchess.com"]
[Source "ChessBase"]
[SourceQuality "1"]
[TimeControl "40/6000+30:3000+30"]

1. d4 d5 2. c4 dxc4 3. e3 e5 4. Bxc4 exd4 5. exd4 Bd6 6. Nf3 Nf6 7. O-O O-O 8. Bg5 h6 9. Bh4 Nc6 10. h3 g5 11. Nxg5 hxg5 12. Bxg5 Nxd4 13. Nc3 Be7 14. Bh6 Nf5 15. Bxf8 Qxf8 16. Qf3 Qg7 17. Rfe1 Nh4 18. Qg3 Qxg3 19. fxg3 Nf5 20. g4 Bc5+ 21. Kh1 Nd6 22. Bb3 Kg7 23. Kh2 Bd7 24. Kg3 Bc6 25. Bc2 Rg8 26. Rad1 b5 27. Re5 Bb4 28. Rd4 Nc4 29. Rg5+ Kh8 30. Rf5 Bxc3 31. bxc3 Kg7 32. Rdf4 Ne3 33. Rxf6 Bd5 34. Bb3 Rf8 35. Rf2 c5 36. Bxd5 Nxd5 37. R6f5 Nxc3 38. Rg5+ Kh6 39. Rh5+ Kg6 40. Kf3 Rc8 41. Rc2 b4 42. Ke3 a6 43. Rxc3 bxc3 44. Kd3 Rb8 45. Kxc3 Rb5 46. Rd5 Ra5 47. Kb3 c4+ 48. Kxc4 1/2-1/2

[Event "94th Tradewise Hastings Congress"]
[Site "Hastings"]
[Date "2019.01.02"]
[Round "6"]
[White "Trevelyan, John"]
[Black "Stefansson, Vignir Vatnar"]
[Result "0-1"]
[ECO "A88"]
[WhiteElo "1996"]
[BlackElo "2266"]
[Annotator "NA"]
[PlyCount "122"]
[EventDate "2018.12.28"]
[EventType "swiss"]
[EventCountry "ENG"]
[SourceTitle "playchess.com"]
[Source "ChessBase"]
[SourceQuality "1"]
[TimeControl "40/6000+30:3000+30"]

1. d4 f5 2. g3 Nf6 3. Bg2 g6 4. c4 Bg7 5. Nc3 O-O 6. Nf3 d6 7. O-O c6 8. b3 Na6 9. Bb2 Bd7 10. Re1 Re8 11. Qd2 e5 12. dxe5 dxe5 13. e4 Nc5 14. exf5 e4 15. fxg6 exf3 16. gxh7+ Kh8 17. Bxf3 Bf5 18. Qxd8 Raxd8 19. Rxe8+ Rxe8 20. Rd1 Nxh7 21. Bh5 Rc8 22. Ba3 Nd3 23. g4 Nf4 24. gxf5 Nxh5 25. Ne4 N5f6 26. Nd6 Rc7 27. Bc5 b6 28. Be3 Rd7 29. Rd2 Ng4 30. Nc8 Rf7 31. Rd8+ Nf8 32. c5 b5 33. Nd6 Re7 34. Rc8 Kh7 35. f6 Nxf6 36. Rxc6 Nd5 37. Nxb5 Ne6 38. Ra6 Nxe3 39. fxe3 Nxc5 40. Rxa7 Rxe3 41. Nd6 Re1+ 42. Kg2 Kg6 43. b4 Nd3 44. b5 Bf8 45. Nc4 Rc1 46. Ne3 Bc5 47. Ra6+ Kg5 48. Kf3 Nb4 49. Re6 Rc3 50. Ke2 Kf4 51. Ng2+ Kg4 52. Ne1 Ra3 53. b6 Rxa2+ 54. Kd1 Nd5 55. Nc2 Bxb6 56. Rg6+ Kf4 57. h4 Ne3+ 58. Nxe3 Bxe3 59. Rc6 Kf3 60. Rc4 Rd2+ 61. Ke1 Rd3 0-1

[Event "94th Tradewise Hastings Congress"]
[Site "Hastings"]
[Date "2019.01.02"]
[Round "6"]
[White "Salmons, Calum"]
[Black "Armstrong, Malcolm J"]
[Result "0-1"]
[ECO "B16"]
[WhiteElo "1905"]
[BlackElo "2052"]
[Annotator "NA"]
[PlyCount "122"]
[EventDate "2018.12.28"]
[EventType "swiss"]
[EventCountry "ENG"]
[SourceTitle "playchess.com"]
[Source "ChessBase"]
[SourceQuality "1"]
[TimeControl "40/6000+30:3000+30"]

1. e4 c6 2. Nc3 d5 3. Nf3 dxe4 4. Nxe4 Nf6 5. Nxf6+ gxf6 6. d4 Bf5 7. Bf4 e6 8. Nh4 Bg6 9. Nxg6 hxg6 10. c3 Bd6 11. Qd2 Qc7 12. Bxd6 Qxd6 13. h3 Nd7 14. O-O-O O-O-O 15. Bc4 Kb8 16. Rhe1 f5 17. Qe3 Nb6 18. Bb3 Nd5 19. Bxd5 Qxd5 20. Qg3+ Ka8 21. Kb1 Qd6 22. Qe5 Qxe5 23. dxe5 Kb8 24. Kc2 Rd5 25. c4 Rxd1 26. Rxd1 Kc7 27. Kc3 Rh4 28. Rd4 Rh8 29. b4 b6 30. b5 c5 31. Rf4 f6 32. exf6 Kd6 33. Rf3 Ke5 34. Rd3 Rh7 35. g4 Kxf6 36. gxf5 gxf5 37. a4 e5 38. Rd6+ Ke7 39. Rd3 f4 40. Rf3 Ke6 41. Kc2 Kf5 42. Rd3 e4 43. Rd5+ Ke6 44. a5 Rxh3 45. a6 Ra3 46. Rd8 Ra2+ 47. Kd1 Rxf2 48. Re8+ Kf5 49. Re7 e3 50. Rxa7 f3 51. Rf7+ Ke4 52. a7 Ra2 53. Re7+ Kd3 54. Rd7+ Kxc4 55. Re7 e2+ 56. Ke1 Kxb5 57. Kf2 Ra3 58. Rf7 c4 59. Rf5+ Kb4 60. Rxf3 Rxf3+ 61. Kxf3 e1=Q 0-1

[Event "94th Tradewise Hastings Congress"]
[Site "Hastings"]
[Date "2019.01.02"]
[Round "6"]
[White "Graham, Cassie M"]
[Black "Stoyanov, Viktor"]
[Result "1/2-1/2"]
[ECO "B23"]
[WhiteElo "1889"]
[BlackElo "2205"]
[Annotator "NA"]
[PlyCount "107"]
[EventDate "2018.12.28"]
[EventType "swiss"]
[EventCountry "ENG"]
[SourceTitle "playchess.com"]
[Source "ChessBase"]
[SourceQuality "1"]
[TimeControl "40/6000+30:3000+30"]

1. e4 c5 2. Nc3 Nc6 3. f4 g6 4. Nf3 Bg7 5. Bc4 e6 6. f5 Nge7 7. fxe6 dxe6 8. d3 Nd4 9. O-O Nec6 10. Bf4 O-O 11. a4 b6 12. Nb5 Nxf3+ 13. Qxf3 Nd4 14. Qd1 Nxb5 15. Bxb5 Bb7 16. Rb1 Bxb2 17. Qg4 Bg7 18. Qg3 Qd4+ 19. Kh1 e5 20. Bg5 f6 21. Be3 Qd6 22. Bc4+ Kh8 23. Qh4 Rae8 24. Rf3 Bc8 25. g4 g5 26. Qh5 Be6 27. Rh3 h6 28. Qg6 Qd7 29. Bb5 Qe7 30. Bxe8 Rxe8 31. Rg3 Qd7 32. Ra1 f5 33. Bxg5 Bf7 34. Qxf5 Qxf5 35. gxf5 hxg5 36. Rxg5 c4 37. Rag1 Bh6 38. R5g3 Rc8 39. Rh3 Kh7 40. f6 Rg8 41. Rxg8 Bxg8 42. dxc4 Bxc4 43. Rc3 Be6 44. Rc7+ Kg6 45. Rxa7 Kxf6 46. Kg2 Bd2 47. Kf3 Bb4 48. Rc7 Ba5 49. h4 Bf7 50. Rc6+ Ke7 51. Rc7+ Kf6 52. Rc6+ Ke7 53. Rc7+ Kf6 54. Rc6+ 1/2-1/2

[Event "94th Tradewise Hastings Congress"]
[Site "Hastings"]
[Date "2019.01.02"]
[Round "6"]
[White "Boswell, Jacob Connor"]
[Black "Rolvag, Mikael"]
[Result "1/2-1/2"]
[ECO "B16"]
[WhiteElo "1858"]
[BlackElo "2107"]
[Annotator "NA"]
[PlyCount "53"]
[EventDate "2018.12.28"]
[EventType "swiss"]
[EventCountry "ENG"]
[SourceTitle "playchess.com"]
[Source "ChessBase"]
[SourceQuality "1"]
[TimeControl "40/6000+30:3000+30"]

1. e4 c6 2. d4 d5 3. Nd2 dxe4 4. Nxe4 Nf6 5. Nxf6+ gxf6 6. Bf4 Bf5 7. Nf3 Nd7 8. Bd3 Bg6 9. Qd2 Nb6 10. O-O-O Qd5 11. Kb1 e6 12. h4 Bxd3 13. Qxd3 Qb5 14. Rhe1 Qxd3 15. Rxd3 Rg8 16. Bg3 O-O-O 17. Red1 Be7 18. b3 Rd7 19. c3 Rgd8 20. Kc2 Nd5 21. R3d2 Bf8 22. c4 Nb4+ 23. Kc3 Na6 24. Rd3 Bg7 25. c5 Nc7 26. Bxc7 Kxc7 27. a4 1/2-1/2

[Event "94th Tradewise Hastings Congress"]
[Site "Hastings"]
[Date "2019.01.02"]
[Round "6"]
[White "Gu, In Jung"]
[Black "Sugden, John N"]
[Result "1-0"]
[ECO "C11"]
[WhiteElo "1794"]
[BlackElo "2072"]
[Annotator "NA"]
[PlyCount "51"]
[EventDate "2018.12.28"]
[EventType "swiss"]
[EventCountry "ENG"]
[SourceTitle "playchess.com"]
[Source "ChessBase"]
[SourceQuality "1"]
[TimeControl "40/6000+30:3000+30"]

1. e4 c6 2. d4 d5 3. f3 e6 4. Nc3 Nf6 5. e5 Nfd7 6. f4 c5 7. Nf3 Nc6 8. Be3 Qb6 9. Qd2 cxd4 10. Nxd4 Nxd4 11. Bxd4 Bc5 12. Na4 Qc6 13. Nxc5 Nxc5 14. Qa5 Nd7 15. Bb5 Qxc2 16. O-O O-O 17. Rac1 Qe4 18. Qc3 Qg6 19. Bd3 Qg4 20. Rf3 f5 21. exf6 Nxf6 22. Rg3 Qh4 23. Rh3 Qg4 24. Bxf6 Rxf6 25. Bxh7+ Kf8 26. Bg6 1-0

[Event "94th Tradewise Hastings Congress"]
[Site "Hastings"]
[Date "2019.01.04"]
[Round "8"]
[White "Korneev, Oleg"]
[Black "Kalavannan, Koby"]
[Result "1-0"]
[ECO "B35"]
[WhiteElo "2550"]
[BlackElo "2328"]
[Annotator "ChessBase"]
[PlyCount "83"]
[EventDate "2018.12.28"]
[EventType "swiss"]
[EventCountry "ENG"]
[SourceTitle "playchess.com"]
[Source "ChessBase"]
[SourceQuality "1"]
[TimeControl "40/6000+30:3000+30"]

1. e4 c5 2. Nf3 Nc6 3. d4 cxd4 4. Nxd4 g6 5. Nc3 Bg7 6. Be3 Nf6 7. Bc4 O-O 8. Bb3 Re8 9. h3 e6 10. O-O d5 11. exd5 Nxd5 12. Nxd5 exd5 13. c3 Na5 14. Qd3 a6 15. Rad1 b5 16. Nf3 Nxb3 17. axb3 Bb7 18. Bd4 Re4 19. Bxg7 Kxg7 20. Nd4 Qb6 21. f3 Re7 22. Rfe1 Rae8 23. Rxe7 Rxe7 24. b4 Bc8 25. Qd2 Re5 26. Re1 Qf6 27. Rxe5 Qxe5 28. Nc6 Qf6 29. Nd4 Qe5 30. Kf1 Qh2 31. Qe3 Qh1+ 32. Kf2 Qb1 33. Qe5+ Kh6 34. Qf4+ Kg7 35. Qe5+ Kh6 36. Qh8 Bxh3 37. gxh3 Qxb2+ 38. Ne2 Qc2 39. Qf8+ Kg5 40. Qxf7 Qf5 41. Qxh7 d4 42. h4+ 1-0

[Event "94th Tradewise Hastings Congress"]
[Site "Hastings"]
[Date "2019.01.04"]
[Round "8"]
[White "Gormally, Daniel W"]
[Black "Hawkins, Jonathan"]
[Result "1/2-1/2"]
[ECO "C42"]
[WhiteElo "2478"]
[BlackElo "2583"]
[Annotator "ChessBase"]
[PlyCount "25"]
[EventDate "2018.12.28"]
[EventType "swiss"]
[EventCountry "ENG"]
[SourceTitle "playchess.com"]
[Source "ChessBase"]
[SourceQuality "1"]
[TimeControl "40/6000+30:3000+30"]

1. e4 e5 2. Nf3 Nf6 3. Nxe5 d6 4. Nf3 Nxe4 5. d4 d5 6. Bd3 Bd6 7. O-O O-O 8. c4 c6 9. Re1 Bf5 10. Nc3 Nxc3 11. bxc3 Bxd3 12. Qxd3 dxc4 13. Qxc4 1/2-1/2

[Event "94th Tradewise Hastings Congress"]
[Site "Hastings"]
[Date "2019.01.04"]
[Round "8"]
[White "Petrov, Martin"]
[Black "Sulskis, Sarunas"]
[Result "1/2-1/2"]
[ECO "C57"]
[WhiteElo "2472"]
[BlackElo "2525"]
[Annotator "ChessBase"]
[PlyCount "27"]
[EventDate "2018.12.28"]
[EventType "swiss"]
[EventCountry "ENG"]
[SourceTitle "playchess.com"]
[Source "ChessBase"]
[SourceQuality "1"]
[TimeControl "40/6000+30:3000+30"]

1. e4 e5 2. Nf3 Nc6 3. Bc4 Nf6 4. Ng5 d5 5. exd5 Nxd5 6. d4 Bb4+ 7. c3 Be7 8. Nxf7 Kxf7 9. Qf3+ Ke6 10. O-O Na5 11. Qg4+ Kf7 12. Qf3+ Ke6 13. Qg4+ Kf7 14. Qf3+ 1/2-1/2

[Event "94th Tradewise Hastings Congress"]
[Site "Hastings"]
[Date "2019.01.04"]
[Round "8"]
[White "Lalic, Bogdan"]
[Black "Bates, Richard A"]
[Result "1-0"]
[ECO "E71"]
[WhiteElo "2420"]
[BlackElo "2372"]
[Annotator "NA"]
[PlyCount "63"]
[EventDate "2018.12.28"]
[EventType "swiss"]
[EventCountry "ENG"]
[SourceTitle "playchess.com"]
[Source "ChessBase"]
[SourceQuality "1"]
[TimeControl "40/6000+30:3000+30"]

1. d4 Nf6 2. c4 g6 3. Nc3 Bg7 4. e4 d6 5. h3 O-O 6. Be3 c5 7. dxc5 Qa5 8. Bd3 dxc5 9. e5 Nfd7 10. f4 Nc6 11. Nf3 Rd8 12. Qb1 Nb6 13. O-O Nb4 14. Be2 Bf5 15. Ne4 Qa4 16. Nxc5 Qc2 17. Qe1 Nxc4 18. Nd4 Qxb2 19. Bxc4 Rxd4 20. Na4 Qa3 21. Bxd4 Nc2 22. Qc3 Qxa4 23. Rad1 Rc8 24. Bb3 Qb5 25. Qf3 Qb4 26. Bxa7 Be4 27. Qf2 e6 28. Rc1 Qc3 29. Rxc2 Bxc2 30. Rc1 g5 31. Rxc2 Qa1+ 32. Qf1 1-0

[Event "94th Tradewise Hastings Congress"]
[Site "Hastings"]
[Date "2019.01.04"]
[Round "8"]
[White "Djuric, Stefan"]
[Black "Armstrong, Malcolm J"]
[Result "1/2-1/2"]
[ECO "B10"]
[WhiteElo "2371"]
[BlackElo "2052"]
[Annotator "NA"]
[PlyCount "132"]
[EventDate "2018.12.28"]
[EventType "swiss"]
[EventCountry "ENG"]
[SourceTitle "playchess.com"]
[Source "ChessBase"]
[SourceQuality "1"]
[TimeControl "40/6000+30:3000+30"]

1. e4 c6 2. Nc3 d5 3. Nf3 dxe4 4. Nxe4 Nf6 5. Nxf6+ gxf6 6. d4 Bf5 7. c3 e6 8. Bf4 Bd6 9. Bg3 {[%emt 0:02:11] B16: Caro-Kann: Bronstein-Larsen Variation} Qc7 10. Nd2 (10. Qb3 Nd7 11. O-O-O O-O-O 12. Bd3 Bxd3 13. Rxd3 Bxg3 14. hxg3 Nc5 15. dxc5 Rxd3 16. Qa4 Rhd8 17. Qxa7 {0-1 (72) Yu,M (2093)-Ratkovic,M (2403) Budapest 2018}) 10... Nd7 11. Nc4 Bxg3 12. hxg3 O-O-O 13. Qa4 $146 ({Predecessor:} 13. Qb3 c5 14. O-O-O cxd4 15. Rxd4 Nc5 16. Qd1 Ne4 17. Rxd8+ Rxd8 {0-1 (27) Jiang,L-Visser,J (1773) Cammeray 2013}) 13... Kb8 14. Qa5 c5 15. Qxc7+ Kxc7 16. Ne3 Bg6 17. Rh4 cxd4 18. Rxd4 Ne5 19. O-O-O Nc6 20. Rxd8 Rxd8 21. Rxd8 Kxd8 22. b4 Ke7 23. Kd2 Kd6 24. a3 Ne5 25. Be2 f5 26. a4 f6 27. f4 Nd7 28. a5 Be8 29. Nc4+ Kc7 30. Na3 a6 31. Nc4 Nb8 32. Ne3 Bc6 33. c4 Be4 34. Kc3 Nc6 35. Bf1 Kd6 36. Nd1 Ne7 37. Nf2 Bc6 38. Nd3 Ng6 39. Kd4 e5+ 40. Ke3 Ne7 41. Ne1 Bd7 42. Kd2 Nc6 43. Kc3 Nd4 44. Nd3 Bc6 45. Nf2 Ne6 46. b5 Bd7 47. Kb4 exf4 48. gxf4 axb5 49. cxb5 Nxf4 50. a6 bxa6 51. bxa6 Bc6 52. g3 Nh5 53. g4 fxg4 54. Nxg4 f5 55. Nf2 Nf4 56. Kc4 Ne6 57. Bd3 Ke5 58. Bc2 h5 59. Nd3+ Kd6 60. Nb4 Be4 61. Bxe4 fxe4 62. a7 Nc7 63. Na6 Na8 64. Kd4 h4 65. Kxe4 h3 $11 66. Kf3 Kc6 1/2-1/2

[Event "94th Tradewise Hastings Congress"]
[Site "Hastings"]
[Date "2019.01.04"]
[Round "8"]
[White "Petrov, Vladimir Sergeev"]
[Black "Stefansson, Vignir Vatnar"]
[Result "0-1"]
[ECO "B01"]
[WhiteElo "2365"]
[BlackElo "2266"]
[Annotator "NA"]
[PlyCount "68"]
[EventDate "2018.12.28"]
[EventType "swiss"]
[EventCountry "ENG"]
[SourceTitle "playchess.com"]
[Source "ChessBase"]
[SourceQuality "1"]
[TimeControl "40/6000+30:3000+30"]

1. e4 d5 2. exd5 Qxd5 3. Nc3 Qd6 4. g3 Nc6 5. Bg2 e5 6. Nf3 Bg4 7. h3 Bh5 8. d3 O-O-O 9. Be3 f5 10. g4 fxg4 11. Nd2 Qd7 12. Nb5 Nd4 13. Nxa7+ Kb8 14. c3 gxh3 15. Bf3 Nxf3+ 16. Nxf3 Bxf3 17. Qxf3 c5 18. d4 cxd4 19. O-O-O Bc5 20. cxd4 exd4 21. Kb1 Kxa7 22. Qh5 Qd5 23. Qxh3 Nf6 24. b4 Qe4+ 25. Ka1 Bxb4 26. Bd2 Bxd2 27. Rxd2 d3 28. Rb1 Qd4+ 29. Rdb2 Rd6 30. Qf5 Nd5 31. Qf7 Rb6 32. a3 d2 33. Ka2 Nc3+ 34. Ka1 Nxb1 0-1

[Event "94th Tradewise Hastings Congress"]
[Site "Hastings"]
[Date "2019.01.04"]
[Round "8"]
[White "Murphy, Conor E"]
[Black "Cherniaev, Alexander"]
[Result "1/2-1/2"]
[ECO "C42"]
[WhiteElo "2331"]
[BlackElo "2393"]
[Annotator "NA"]
[PlyCount "102"]
[EventDate "2018.12.28"]
[EventType "swiss"]
[EventCountry "ENG"]
[SourceTitle "playchess.com"]
[Source "ChessBase"]
[SourceQuality "1"]
[TimeControl "40/6000+30:3000+30"]

1. e4 e5 2. Nf3 Nf6 3. Nxe5 d6 4. Nf3 Nxe4 5. Nc3 Nf6 6. d4 Be7 7. Bd3 O-O 8. O-O Nc6 9. Re1 Bg4 10. h3 Bh5 11. Be3 Re8 12. a3 a6 13. Bf5 Bf8 14. g4 Bg6 15. Qd3 Bxf5 16. gxf5 Qd7 17. Bg5 Nh5 18. d5 Ne5 19. Nxe5 dxe5 20. Qf3 g6 21. fxg6 hxg6 22. Ne4 Qxd5 23. Qxh5 Qxe4 24. Rxe4 gxh5 25. Rh4 Kg7 26. Be3 f5 27. Rxh5 f4 28. Bd2 Kg6 29. Rh4 Be7 30. Rg4+ Kf5 31. f3 Rad8 32. Bc3 Bf6 33. Re1 Rd7 34. Kg2 Red8 35. Rh1 Rh7 36. Re1 b6 37. Rh1 a5 38. a4 Bh4 39. Rf1 Bf6 40. Rh1 Rdh8 41. Bd2 Rd7 42. Bc3 Rhd8 43. Kf2 Rd5 44. Rhg1 Rh8 45. Kg2 Rd7 46. Re1 Rdh7 47. Rh1 Be7 48. Re1 Bd6 49. Rh1 Bc5 50. Re1 Be3 51. Rh1 Bc5 1/2-1/2

[Event "94th Tradewise Hastings Congress"]
[Site "Hastings"]
[Date "2019.01.04"]
[Round "8"]
[White "Derakhshani, Borna"]
[Black "Anderson, John"]
[Result "1-0"]
[ECO "D02"]
[WhiteElo "2325"]
[BlackElo "2163"]
[Annotator "NA"]
[PlyCount "67"]
[EventDate "2018.12.28"]
[EventType "swiss"]
[EventCountry "ENG"]
[SourceTitle "playchess.com"]
[Source "ChessBase"]
[SourceQuality "1"]
[TimeControl "40/6000+30:3000+30"]

1. d4 d5 2. Bf4 Nf6 3. Nf3 c5 4. e3 Nc6 5. c3 Qb6 6. Qb3 c4 7. Qc2 Bf5 8. Qc1 e6 9. h3 h6 10. Nbd2 Be7 11. Be2 O-O 12. O-O Rfc8 13. Bd1 Qd8 14. Bc2 Bxc2 15. Qxc2 b5 16. Rfe1 Bd6 17. Rad1 Rab8 18. a3 Rb7 19. Bxd6 Qxd6 20. e4 dxe4 21. Nxe4 Nxe4 22. Qxe4 Rd7 23. Qg4 Rcd8 24. Rd2 a5 25. Rde2 Qc7 26. Nh4 Rd5 27. f4 h5 28. Qg3 g5 29. Re4 Kh8 30. Nf3 Rg8 31. Ne5 f5 32. R4e2 Nxe5 33. Rxe5 gxf4 34. Qf3 1-0

[Event "94th Tradewise Hastings Congress"]
[Site "Hastings"]
[Date "2019.01.04"]
[Round "8"]
[White "Pitschka, Claus"]
[Black "Spanton, Tim R"]
[Result "1-0"]
[ECO "D41"]
[WhiteElo "2241"]
[BlackElo "1954"]
[Annotator "NA"]
[PlyCount "43"]
[EventDate "2018.12.28"]
[EventType "swiss"]
[EventCountry "ENG"]
[SourceTitle "playchess.com"]
[Source "ChessBase"]
[SourceQuality "1"]
[TimeControl "40/6000+30:3000+30"]

1. d4 d5 2. c4 e6 3. Nc3 Nf6 4. cxd5 Nxd5 5. e4 Nxc3 6. bxc3 c5 7. Nf3 cxd4 8. cxd4 Bb4+ 9. Bd2 Bxd2+ 10. Qxd2 O-O 11. Bd3 Nc6 12. Qc3 Qa5 13. Qxa5 Nxa5 14. Ke2 b6 15. Rac1 Bb7 16. Ke3 Rac8 17. Ne5 Rxc1 18. Rxc1 Rc8 19. Rxc8+ Bxc8 20. d5 Kf8 21. d6 Bb7 22. Bb5 {[%emt 0:03:02] Ke8 [%emt 00:04:50]} 1-0

[Event "94th Tradewise Hastings Congress"]
[Site "Hastings"]
[Date "2019.01.04"]
[Round "8"]
[White "Villiers, Thomas"]
[Black "Midhun, P U"]
[Result "0-1"]
[ECO "C25"]
[WhiteElo "2205"]
[BlackElo "2010"]
[Annotator "NA"]
[PlyCount "138"]
[EventDate "2018.12.28"]
[EventType "swiss"]
[EventCountry "ENG"]
[SourceTitle "playchess.com"]
[Source "ChessBase"]
[SourceQuality "1"]
[TimeControl "40/6000+30:3000+30"]

1. e4 e5 2. Nc3 Nc6 3. g3 Bc5 4. Bg2 d6 5. Nge2 h5 6. h3 a6 7. d3 Be6 8. Nd5 Nd4 9. Nxd4 Bxd4 10. c3 Ba7 11. O-O c6 12. Ne3 g5 13. d4 Qf6 14. d5 Bd7 15. dxc6 bxc6 16. Nc4 h4 17. Be3 Rh6 18. Qd2 Bxe3 19. fxe3 Qe6 20. Nb6 Rb8 21. Nxd7 Qxd7 22. g4 Rf6 23. Rf5 Rxf5 24. exf5 f6 25. e4 Ne7 26. Rd1 Nc8 27. Bf1 Ke7 28. Bc4 a5 29. Be6 Qc7 30. b4 axb4 31. cxb4 Na7 32. Kh1 Nb5 33. Bb3 Qb6 34. Qe2 Na3 35. Rc1 Kd7 36. Ba4 Qxb4 37. Bxc6+ Kd8 38. Qd3 Kc7 39. Ba4+ Kb7 40. Qd5+ Ka7 41. Bb3 Rb5 42. Qd3 Rc5 43. Qe3 Kb8 44. Bd5 Rxc1+ 45. Qxc1 Qb1 46. Qxb1+ Nxb1 47. Bc6 Kc7 48. Ba8 Kb6 49. Kg2 Nc3 50. a3 Nb5 51. Kf3 Nxa3 52. Bd5 Kc5 53. Ke3 Nc2+ 54. Kd2 Nb4 55. Bb7 Kd4 56. Ke2 d5 57. exd5 Nxd5 58. Kf2 Nf4 59. Kf3 Nxh3 60. Bc6 Nf4 61. Bb7 h3 62. Kg3 e4 63. Ba6 Kc3 64. Bf1 Kd2 65. Kh2 e3 66. Bxh3 Nxh3 67. Kxh3 e2 68. Kg2 e1=Q 69. Kh3 Qh4+ 0-1

[Event "94th Tradewise Hastings Congress"]
[Site "Hastings"]
[Date "2019.01.04"]
[Round "8"]
[White "Payne, Matthew J"]
[Black "Taylor, Adam C"]
[Result "1/2-1/2"]
[ECO "B31"]
[WhiteElo "2182"]
[BlackElo "2331"]
[Annotator "NA"]
[PlyCount "94"]
[EventDate "2018.12.28"]
[EventType "swiss"]
[EventCountry "ENG"]
[SourceTitle "playchess.com"]
[Source "ChessBase"]
[SourceQuality "1"]
[TimeControl "40/6000+30:3000+30"]

1. e4 c5 2. Nf3 Nc6 3. Bb5 g6 4. Bxc6 bxc6 5. O-O Bg7 6. Re1 Nf6 7. e5 Nd5 8. c4 Nc7 9. d4 cxd4 10. Qxd4 O-O 11. Qh4 f6 12. Nc3 Ne6 13. exf6 Bxf6 14. Ng5 Nxg5 15. Bxg5 Bxg5 16. Qxg5 e6 17. Qxd8 Rxd8 18. c5 Rf8 19. Rad1 Rb8 20. b3 Kf7 21. Ne4 Ke7 22. Rd4 Rf5 23. Ra4 a6 24. Rc1 Rd5 25. f3 Rb5 26. Nd6 Rxd6 27. cxd6+ Kxd6 28. Rh4 h5 29. g4 Bb7 30. gxh5 gxh5 31. Kf2 a5 32. Rg1 Rc5 33. Rd4+ Kc7 34. Rg7 Bc8 35. Ke3 Rc3+ 36. Rd3 Rc2 37. Rd2 Rc3+ 38. Kf2 a4 39. bxa4 Ra3 40. Rh7 c5 41. Rxh5 d5 42. Rg5 c4 43. h4 c3 44. Rc2 Ba6 45. Ke3 Kd6 46. h5 Rxa4 47. Kf2 d4 1/2-1/2

[Event "94th Tradewise Hastings Congress"]
[Site "Hastings"]
[Date "2019.01.04"]
[Round "8"]
[White "Eames, Robert S"]
[Black "Nettleton, Charlie B"]
[Result "0-1"]
[ECO "D10"]
[WhiteElo "2167"]
[BlackElo "2059"]
[Annotator "NA"]
[PlyCount "88"]
[EventDate "2018.12.28"]
[EventType "swiss"]
[EventCountry "ENG"]
[SourceTitle "playchess.com"]
[Source "ChessBase"]
[SourceQuality "1"]
[TimeControl "40/6000+30:3000+30"]

1. d4 d5 2. c4 c6 3. cxd5 cxd5 4. Bf4 Nc6 5. e3 Nf6 6. Nc3 a6 7. Be2 e6 8. Bd3 Qb6 9. a3 Bd7 10. h3 Na5 11. b4 Nc4 12. Qb3 Rc8 13. Nge2 Bd6 14. Bg5 Qc7 15. Ra2 b5 16. O-O Ng8 17. e4 f6 18. Bh4 Ne7 19. f4 dxe4 20. Nxe4 Nf5 21. Nxd6+ Qxd6 22. Bf2 h5 23. Nc3 Kf7 24. d5 exd5 25. Re2 Rhe8 26. Rxe8 Rxe8 27. Qd1 g6 28. Bc5 Qe6 29. g4 hxg4 30. hxg4 Nh4 31. Bxg6+ Nxg6 32. f5 Qe5 33. fxg6+ Kg7 34. Qd3 Rh8 35. Rf2 Qe1+ 36. Rf1 Qh4 37. Rd1 Qxg4+ 38. Kf2 Rh2+ 39. Ke1 Rh1+ 40. Kf2 Rh2+ 41. Ke1 Qh4+ 42. Kf1 Bh3+ 43. Kg1 Qg4+ 44. Kxh2 Qg2# 0-1

[Event "94th Tradewise Hastings Congress"]
[Site "Hastings"]
[Date "2019.01.04"]
[Round "8"]
[White "Byron, Alan M"]
[Black "Comellas Blanchart, Jordi"]
[Result "1-0"]
[ECO "C95"]
[WhiteElo "2157"]
[BlackElo "2055"]
[Annotator "NA"]
[PlyCount "105"]
[EventDate "2018.12.28"]
[EventType "swiss"]
[EventCountry "ENG"]
[SourceTitle "playchess.com"]
[Source "ChessBase"]
[SourceQuality "1"]
[TimeControl "40/6000+30:3000+30"]

1. e4 e5 2. Nf3 Nc6 3. Bb5 a6 4. Ba4 Nf6 5. O-O Be7 6. Re1 b5 7. Bb3 d6 8. c3 O-O 9. h3 Nb8 10. d4 Nbd7 11. Nbd2 Bb7 12. Bc2 Re8 13. Nf1 Bf8 14. Ng3 g6 15. a4 c5 16. d5 c4 17. Bg5 Nc5 {[%emt 0:02:17] C95: Closed Ruy Lopez: Breyer Variation with 10 d4} 18. Ra3 (18. Qd2 Be7 19. Bh6 Nfd7 20. Nh2 bxa4 21. Ng4 Nb3 22. Bxb3 axb3 23. f4 Nf6 24. Ne3 exf4 25. Bxf4 {½-½ (54) Borisek,J (2578)-Amin,B (2686) Batumi 2018}) 18... Be7 19. Qd2 Nfd7 20. Bh6 Nb6 21. a5 Nbd7 22. h4 $146 ({Predecessor:} 22. Nf1 Bc8 23. g3 Nb7 24. Rea1 Ndc5 25. Kg2 {0-1 (49) Fiacan,R (2227)-Bunda,V (2283) Kosice 2018}) 22... Bc8 23. h5 Nb7 24. hxg6 hxg6 25. Rea1 Bf8 26. Bg5 f6 27. Be3 Bg7 28. Nh2 Nf8 29. f3 Qe7 30. Ng4 Bxg4 31. fxg4 Nd8 32. b3 cxb3 33. Bxb3 Nb7 34. c4 bxc4 35. Bxc4 Nd7 36. Rf1 Rec8 37. Be2 Nbc5 38. g5 Rf8 39. gxf6 Rxf6 40. Bf3 Rff8 41. Nh1 Qh4 42. g3 Qe7 43. Kg2 Rab8 44. Nf2 Nb3 45. Qd1 Nd4 46. Nd3 Nc5 47. Nxc5 dxc5 48. Bg4 Bf6 49. Qc1 Rb4 50. Rh1 $18 Rfb8 51. Ra2 Nb3 52. Qf1 Bg5 53. Be6+ {[%emt 0:00:13] Nd4 [%emt 00:01:31]} 1-0